 Dungeon Crawl Stone Soup version 0.20.0-8-g6b59dc7 (webtiles) character file.

2985 Monsterracer the Destroyer (level 9, -5/52 HPs)
             Began as a Deep Elf Conjurer on May 30, 2017.
             Was a Believer of Vehumet.
             Killed from afar by Erica (29 damage)
             ... with an orb of energy
             ... on level 8 of the Dungeon.
             The game lasted 00:27:31 (8216 turns).

Monsterracer the Destroyer (Deep Elf Conjurer)      Turns: 8216, Time: 00:27:31

Health: -5/52      AC:  6    Str:  5    XL:     9   Next: 53%
Magic:  10/23      EV: 16    Int: 24    God:    Vehumet [**....]
Gold:   354        SH:  0    Dex: 15    Spells: 9/24 levels left

rFire    + . .     SeeInvis .   e - +0 long sword
rCold    + . .     Gourm    .   (no shield)
rNeg     . . .     Faith    .   a - +0 robe
rPois    .         Spirit   .   p - +0 helmet "Epiojaih" {rC+}
rElec    .         Reflect  .   v - +0 cloak
rCorr    .         Harm     .   (no gloves)
MR       .....                  r - +1 pair of boots
Stlth    ++........             (no amulet)
Regen    0.2/turn               l - ring of protection from fire
MPRegen  0.2/turn               (no ring)

@: lethally poisoned (-5 -> -16)
A: no striking features
a: Renounce Religion


You were on level 8 of the Dungeon.
You worshipped Vehumet.
Vehumet was pleased with you.
You were not hungry.

You visited 2 branches of the dungeon, and saw 9 of its levels.

You collected 354 gold pieces.

Inventory:

Hand Weapons
 e - a +0 long sword (weapon)
Armour
 a - a +0 robe (worn)
 p - the +0 helmet "Epiojaih" (worn) {rC+}
   (You took it off Robin on level 4 of the Dungeon)

   It protects you from cold.
 r - a +1 pair of boots (worn)
 t - a +0 leather armour of cold resistance
 v - a +0 cloak (worn)
Jewellery
 l - a ring of protection from fire (left hand)
Wands
 b - a wand of confusion (18/48)
 s - a wand of flame (5/48)
 u - a wand of iceblast (15/15)
 w - a wand of lightning (6/15)
Scrolls
 d - 5 scrolls of teleportation
 h - 3 scrolls of identify
 k - a scroll of fear
 m - 3 scrolls of immolation
Potions
 f - 2 potions of brilliance
 g - 3 potions of curing
 i - a potion of berserk rage
 q - 4 potions of heal wounds
Comestibles
 c - 6 bread rations
 j - 2 royal jellies
 n - 12 fruits
 o - 3 meat rations


   Skills:
 + Level 4.1 Fighting
 + Level 5.9 Dodging
 - Level 2.4 Stealth
 + Level 8.4 Spellcasting
 * Level 10.5 Conjurations
 - Level 5.0 Hexes
 + Level 0.2 Translocations


You had 9 spell levels left.
You knew the following spells:

 Your Spells              Type           Power        Failure   Level  Hunger
a - Magic Dart            Conj           ####         1%          1    None
b - Searing Ray           Conj           ######       1%          2    None
c - Fulminant Prism       Conj/Hex       #####.....   2%          4    ##.....
d - Iskenderun's Mystic   Conj           ######..     1%          4    ##.....
f - Force Lance           Conj/Tloc      #####...     7%          4    ##.....


Dungeon Overview and Level Annotations

Branches:
Dungeon (8/15)             Temple (1/1) D:4
   Lair: D:8-11

Altars:
Ashenzari
Cheibriados
Dithmenos
Elyvilon
Fedhas
Gozag
Hepliaklqana
Kikubaaqudgha
Makhleb
Nemelex Xobeh
Okawaru
Qazlal
Ru
Sif Muna
Trog
Uskayaw
Vehumet
Xom
Yredelemnul
Zin
The Shining One

Annotations:
D:6 Nattefrost's ghost, novice MfGl
D:8 Erica


Message History

Confirm with . or Enter, or press ? or * to list all spells.
You can't see any susceptible monsters within range! (Use Z to cast anyway.)
Casting: Magic Dart
Confirm with . or Enter, or press ? or * to list all spells.
Aiming: Searing Ray
Press: ? - help, Shift-Dir - straight line (Press . to maintain the ray.)
The searing ray hits something.
Something hits you. Something burns you.
The searing ray hits something.
You hear some strange, mumbled words.
A bolt of poison appears from out of thin air!
The bolt of poison hits you!
You are poisoned.
* * * LOW HITPOINT WARNING * * *
You finish channeling your searing ray.
You feel sick.
You hear some strange, mumbled words.
An orb of energy appears from out of thin air!
The orb of energy hits you!
Ouch! That really hurt!
You die...

# ... .....#####
### .....){(.#
##.## ...
....*###(###...##
... ...
#....@...# ..###
#####...## # ....
##.## ..
..####### #.# #.
#.#.....# #.#
#.##.#.....# #.#
#..........# #.#
.....#.....# #.#
###..#.....#
####.####


There were no monsters in sight!

Vanquished Creatures
  Prince Ribbit (D:7)
  Sigmund (D:3)
  Eustachio (D:6)
  Duvessa (D:5)
  An orc warrior (D:6)
  An ice beast (D:6)
  3 ogres
  A phantom (D:5)
  3 centaurs
  A big kobold (D:7)
  2 bullfrogs
  Dowan (D:5)
  2 scorpions
  A water moccasin skeleton (D:7)
  The ghost of zhorgal the Magician, a weakling DrWz (D:3)
  2 crimson imps (D:7)
  2 howler monkeys
  A bullfrog zombie (D:5)
  A bullfrog skeleton (D:4)
  3 hounds
  A jelly (D:5)
  4 orc priests
  A centaur skeleton (D:4)
  3 orc wizards
  An iguana (D:4)
  10 worker ants
  A hound zombie (D:5)
  3 worker ant zombies
  Robin (D:4)
  3 gnolls (D:6)
  12 adders
  A shadow imp (D:5)
  An ooze (D:3)
  An adder skeleton (D:4)
  4 worms
  A dart slug (D:1)
  5 leopard geckos
  34 orcs
  4 bats
  6 giant cockroaches
  13 goblins
  15 hobgoblins
  4 jackals (D:5)
  A quokka (D:4)
  9 frilled lizards
  A jackal skeleton (D:5)
  19 kobolds
  8 rats
197 creatures vanquished.

Vanquished Creatures (others)
  21 fulminant prisms
21 creatures vanquished.

Grand Total: 218 creatures vanquished

Notes
Turn   | Place    | Note
-------+----------+-------------------------------------------
     0 | D:1      | Monsterracer the Deep Elf Conjurer began the quest for the Orb.
     0 | D:1      | Reached XP level 1. HP: 10/10 MP: 6/6
   298 | D:1      | Reached XP level 2. HP: 4/15 MP: 4/8
   506 | D:1      | Learned a level 2 spell: Searing Ray
  1136 | D:2      | Reached skill level 5 in Conjurations
  1138 | D:2      | Reached XP level 3. HP: 18/19 MP: 4/10
  1739 | D:2      | Reached XP level 4. HP: 24/24 MP: 8/12
  1867 | D:3      | Learned a level 4 spell: Iskenderun's Mystic Blast
  1872 | D:3      | Learned a level 4 spell: Fulminant Prism
  1954 | D:3      | Noticed zhorgal's ghost (weakling DrWz)
  1960 | D:3      | Killed zhorgal's ghost
  1960 | D:3      | Reached skill level 6 in Conjurations
  2027 | D:3      | Reached skill level 5 in Spellcasting
  2027 | D:3      | Reached XP level 5. HP: 28/28 MP: 7/14
  2263 | D:3      | Noticed Sigmund
  2266 | D:3      | Killed Sigmund
  2266 | D:3      | Reached XP level 6. HP: 32/32 MP: 4/16
  2460 | D:3      | Reached skill level 7 in Conjurations
  2865 | D:4      | Learned a level 4 spell: Force Lance
  3024 | D:4      | Noticed Robin
  3121 | D:4      | Reached XP level 7. HP: 36/36 MP: 12/17
  3137 | D:4      | Reached skill level 1 in Fighting
  3325 | D:4      | Killed Robin
  3334 | D:4      | Got a heavily runed helmet
  3350 | D:4      | Identified the cursed +0 helmet "Epiojaih" {rC+} (You took it off Robin on level 4 of the Dungeon)
  3607 | D:4      | Learned a level 3 spell: Dazzling Spray
  3728 | D:4      | Reached skill level 8 in Conjurations
  3880 | D:4      | Found a staircase to the Ecumenical Temple.
  3887 | Temple   | Entered the Ecumenical Temple
  3923 | Temple   | Became a worshipper of Vehumet
  4224 | D:5      | Entered Level 5 of the Dungeon
  4432 | D:5      | Reached XP level 8. HP: 21/44 MP: 12/19
  4592 | D:5      | Noticed Duvessa
  4600 | D:5      | Noticed Dowan
  4603 | D:5      | Killed Duvessa
  4688 | D:5      | Killed Dowan
  4871 | D:5      | Reached * piety under Vehumet
  4871 | D:5      | Offered knowledge of Freeze by Vehumet.
  5261 | D:6      | Noticed Eustachio
  5275 | D:6      | Killed Eustachio
  5275 | D:6      | Reached skill level 9 in Conjurations
  5275 | D:6      | Reached skill level 5 in Hexes
  5592 | D:6      | Noticed Nattefrost's ghost (novice MfGl)
  5896 | D:6      | Reached skill level 5 in Dodging
  6377 | D:6      | Reached XP level 9. HP: 42/50 MP: 17/22
  6950 | D:7      | Reached ** piety under Vehumet
  6950 | D:7      | Offered knowledge of Throw Frost by Vehumet.
  7321 | D:7      | Reached skill level 10 in Conjurations
  7901 | D:7      | Noticed Prince Ribbit
  7917 | D:7      | Killed Prince Ribbit
  8201 | D:8      | Noticed Erica
  8216 | D:8      | Killed from afar by Erica

Skill      XL: |  1  2  3  4  5  6  7  8  9 |
---------------+----------------------------+-----
Spellcasting   | 4 5 6 7 8 |  8.4
Conjurations   | 5 6 7 8 9 10 | 10.5
Hexes          | 2 4 5 |  5.0
Fighting       | 1 3 4 |  4.1
Dodging        | 3 5 |  5.9
Stealth        | |  2.4
Translocations | |  0.2

Action                   |  1- 3 |  4- 6 |  7- 9 || total
-------------------------+-------+-------+-------++-------
Melee: Dagger            |     1 |     1 |     7 ||     9
 Cast: Magic Dart        |    73 |    46 |   140 ||   259
       Searing Ray       |     2 |     9 |    33 ||    44
       Fulminant Prism   |       |     3 |    18 ||    21
       Iskenderun's Myst |       |     5 |    15 ||    20
       Force Lance       |       |       |     3 ||     3
  Use: Potion            |     4 |       |     4 ||     8
       Scroll            |       |     5 |    10 ||    15
 Stab: Sleeping          |       |     1 |       ||     1
  Eat: Chunk             |     2 |     5 |    18 ||    25
       Fruit             |       |       |     1 ||     1
Armor: Robe              |     2 |     2 |     6 ||    10
Dodge: Dodged            |     6 |    13 |    62 ||    81
       Rpst.: Long sword |       |       |     8 ||     8
